 Dungeon Crawl Stone Soup version 0.30.1-11-g7821555f0a (webtiles) character file.

Game seed: 14860378056990406921

51 SacredBeard the Grave Robber (level 3, -3/26 HPs)
             Began as a Demonspawn Necromancer on Nov 18, 2023.
             Slain by Terence
             ... wielding a +0 trident
              (8 damage)
             ... on level 2 of the Dungeon.
             The game lasted 00:04:00 (1369 turns).

SacredBeard the Grave Robber (DsNe)                 Turns: 1369, Time: 00:04:01

Health: -3/26      AC:  3    Str:  8    XL:     3   Next: 58%
Magic:  0/6        EV: 12    Int: 16    God:
Gold:   51         SH:  0    Dex: 15    Spells: 5/6 levels left

rFire   . . .        h - +0 dagger
rCold   . . .        (no shield)
rNeg    . . .        a - +0 robe
rPois   .            k - +0 helmet
rElec   .            (no cloak)
rCorr   .            (no gloves)
SInv    .            (no boots)
Will    .....        (no amulet)
Stlth   ++           (no ring)
HPRegen 0.24/turn    (no ring)
MPRegen 0.10/turn

%: no passive effects
@: no status effects
A: hooves 1
a: no special abilities


You were on level 2 of the Dungeon.
You visited 1 branch of the dungeon, and saw 2 of its levels.

You collected 51 gold pieces.

Inventory:

Hand Weapons
 h - a +0 dagger (weapon)
Missiles
 g - 6 curare-tipped darts
 l - 8 stones
Armour
 a - a +0 robe (worn)
 k - a +0 helmet (worn)
Scrolls
 d - a scroll of noise {unknown}
 f - a scroll of identify {unknown}
 i - a scroll of teleportation {unknown}
 j - a scroll of brand weapon {unknown}
Potions
 b - a potion of magic
 c - 2 potions of curing {unknown}
 e - a potion of heal wounds {unknown}


   Skills:
 + Level 1.1 Fighting
 + Level 0.9 Armour
 - Level 2.0 Dodging
 + Level 2.2 Stealth
 - Level 2.0 Spellcasting
 * Level 5.1 Necromancy


You had 5 spell levels left.
You knew the following spells:

 Your Spells              Type           Power      Damage    Failure   Level
a - Necrotise             Necr           68%        1d7       2%          1

Your spell library contained the following spells:

 Spells                   Type           Power      Damage    Failure   Level
 Vampiric Draining        Necr           17%        2d7       8%          3
 Animate Dead             Necr           17%        N/A       26%         4
 Agony                    Necr           17%        N/A       56%         5


Dungeon Overview and Level Annotations

Branches:
Dungeon (2/15) Zot: 10627

Altars:

Annotations:
D:2 Terence


Innate Abilities, Weirdness & Mutations

You have large cloven feet.


Message History

Your ball python skeleton barely misses Terence. x2
Casting: Necrotise (safe; 2% risk of failure)
Confirm with . or Enter, or press ? or * to list all spells.
Aiming: Necrotise (safe; 2% risk of failure)
Press: ? - help, Shift-Dir - straight line, f/p - Terence
Aim: Terence, wielding a +0 trident, wearing a +0 chain mail and carrying a wand of roots (6) (moderately wounded, ally target, chance to affect: 81%) Terence writhes in agony.
Terence hits you from afar with a +0 trident.
* * * LOW HITPOINT WARNING * * *
Your ball python skeleton bites Terence but does no damage.
Your ball python skeleton grabs Terence.
Your ball python skeleton constricts Terence.
Casting: Necrotise (safe; 2% risk of failure)
Confirm with . or Enter, or press ? or * to list all spells.
Aiming: Necrotise (safe; 2% risk of failure)
Press: ? - help, Shift-Dir - straight line, f/p - Terence
Aim: Terence, wielding a +0 trident, wearing a +0 chain mail and carrying a wand of roots (6) (heavily wounded, constricted by your ball python skeleton, not watching you, ally target, chance to affect: 81%)
Okay, then.
A bat comes into view.
Your ball python skeleton loses its grip on Terence.
Your ball python skeleton crumbles into dust!
A goblin comes into view. It is wielding a +0 club.
The bat moves out of view.
Casting: Necrotise (safe; 2% risk of failure)
Confirm with . or Enter, or press ? or * to list all spells.
Aiming: Necrotise (safe; 2% risk of failure)
Press: ? - help, Shift-Dir - straight line, f/p - Terence
Aim: Terence, wielding a +0 trident, wearing a +0 chain mail and carrying a wand of roots (6) (heavily wounded, chance to affect: 81%) Terence barely resists.
The goblin shouts!
Terence barely misses you.
Casting: Necrotise (safe; 2% risk of failure)
Confirm with . or Enter, or press ? or * to list all spells.
Aiming: Necrotise (safe; 2% risk of failure)
Press: ? - help, Shift-Dir - straight line, f/p - Terence
Aim: Terence, wielding a +0 trident, wearing a +0 chain mail and carrying a wand of roots (6) (heavily wounded, chance to affect: 81%) Terence barely resists.
A goblin comes into view. It is wielding a +0 dagger.
Terence hits you from afar with a +0 trident!
You die...

..........#.....
................
...............
............#
.......<.g#
.#........#
......###.# #
......###.####...
.........@..b....
............##...
##.......@...#
#.......g.....#
..###.....b...# .
..#.....#....
..............
.....g.........
.....>.........


You could see Terence, 3 goblins and 2 bats.

Vanquished Creatures
  2 dart slugs (D:1)
  5 ball pythons
  2 endoplasms (D:1)
  A giant cockroach (D:1)
  3 goblins (D:1)
  6 hobgoblins (D:1)
  4 jackals (D:1)
  2 quokkas
  5 bats (D:1)
  3 frilled lizards (D:1)
  3 kobolds (D:1)
  5 rats (D:1)
41 creatures vanquished.

Vanquished Creatures (collateral kills)
  A goblin (D:1)
1 creature vanquished.

Grand Total: 42 creatures vanquished

Notes
Turn   | Place    | Note
-------+----------+-------------------------------------------
     0 | D:1      | SacredBeard the Demonspawn Necromancer began the quest for
                  | the Orb.
     0 | D:1      | Reached XP level 1. HP: 13/13 MP: 3/3
   231 | D:1      | Gained mutation: You have large cloven feet. [demonic
                  | ancestry]
   231 | D:1      | Reached XP level 2. HP: 20/20 MP: 1/5
   544 | D:1      | Reached XP level 3. HP: 23/25 MP: 0/6
   580 | D:1      | Reached skill level 1 in Fighting
   825 | D:1      | Reached skill level 5 in Necromancy
  1358 | D:2      | Noticed Terence
  1369 | D:2      | Slain by Terence

Illustrated notes

Levels and vault maps discovered:
D:1:      tekkud_arrival_beachfront_property, layout_loops_ring,
          minmay_misc_feat_x, minmay_indecisive_spiral
D:2:      cheibrodos_pilgrimage, layout_rooms, basic_altar, uniq_terence,
          uniq_robin, uniq_natasha

Skill      XL: |  1  2  3 |
---------------+----------+-----
Dodging        | 2 |  2.0
Stealth        | 2 |  2.2
Fighting       | 1 |  1.1
Necromancy     | 5 |  5.1
Armour         | |  0.9
Spellcasting   | |  2.0

Action                     || total
---------------------------++-------
  Melee: Club              ||    12
         Kick              ||     5
         Dagger            ||     7
  Throw: Stone             ||     2
   Cast: Necrotise         ||    68
 Armour: Robe              ||    13
  Dodge: Dodged            ||    28
